 Dungeon Crawl Stone Soup version 0.29.1-4-g47bece8355 (webtiles) character file.

Game seed: 17149971095385792638

1777 cdecastro the Martial Artist (level 8, -10/59 HPs)
             Began as a Purple Draconian Transmuter on Dec 12, 2022.
             Was an Initiate of Gozag.
             Mangled by an orc warrior
             ... wielding a +0 long sword
              (15 damage)
             ... on level 7 of the Dungeon.
             The game lasted 00:13:12 (9755 turns).

cdecastro the Martial Artist (DrTm)                 Turns: 9755, Time: 00:13:12

Health: -10/59     AC:  2    Str: 18    XL:     8   Next: 81%
Magic:  8/11       EV: 19    Int: 16    God:    Gozag
Gold:   140        SH:  0    Dex: 17    Spells: 1/11 levels left

rFire   . . .      SeeInvis .     - Unarmed
rCold   . . .      Faith    .   (shield currently unavailable)
rNeg    . . .      Spirit   .   (body armour unavailable)
rPois   x          Reflect  .   (helmet currently unavailable)
rElec   .          Harm     .   (cloak currently unavailable)
rCorr   .          Rampage  .   (gloves currently unavailable)
Will    +....                   (boots currently unavailable)
Stlth   ++........              (no amulet)
HPRegen 0.19/turn               h - +6 ring of strength
MPRegen 0.12/turn               (no ring)

@: spider-form (expiring)
A: venomous fangs, (breathe power), AC +6, tiny, unfitting armour,
(cold-blooded)
a: End Transformation, Renounce Religion, Potion Petition, Call Merchant, Bribe
Branch


You were on level 7 of the Dungeon.
You worshipped Gozag.
Gozag was aware of your devotion.
You were a venomous arachnid creature.
You visited 2 branches of the dungeon, and saw 8 of its levels.

You collected 1315 gold pieces.
You spent 1175 gold pieces at shops.

Inventory:

Missiles
 j - 8 silver javelins
 p - 2 boomerangs
 s - 6 javelins
Armour
 r - a +2 pair of boots of stealth
 u - a +0 pair of gloves (melded)
Jewellery
 h - a +6 ring of strength (left front leg)
 w - a ring of wizardry
 B - a +4 ring of protection
Wands
 t - a wand of flame (10)
Scrolls
 b - 3 scrolls of enchant armour
 e - 3 scrolls of silence
 f - 2 scrolls of immolation {unknown}
 i - 2 scrolls of teleportation
 l - 2 scrolls of blinking {unknown}
 m - 3 scrolls of poison
 x - a scroll of fear {unknown}
 y - 2 scrolls of butterflies {unknown}
 D - a scroll of enchant weapon
 E - a scroll of vulnerability
 F - a scroll of acquirement
Potions
 a - a potion of lignification
 c - 3 potions of curing
 g - a potion of invisibility
 k - 3 potions of heal wounds
 n - 4 potions of brilliance
 o - a potion of haste
 q - a potion of cancellation
 v - a potion of flight
 A - a potion of ambrosia {unknown}


   Skills:
 - Level 1.1 Fighting
 - Level 1.7 Dodging
 - Level 10.0 Unarmed Combat
 - Level 2.4 Spellcasting
 - Level 5.0 Transmutations
 + Level 4.5 Evocations


You had one spell level left.
You knew the following spells:

 Your Spells              Type           Power      Damage    Failure   Level
a - Beastly Appendage     Tmut           34%        N/A       10%         1
b - Wereblood             Tmut           17%        N/A       12%         2
c - Spider Form           Tmut/Pois      9%         N/A       43%         3
d - Ice Form              Ice/Tmut       9%         N/A       77%         4

Your spell library contained the following spells:

 Spells                   Type           Power      Damage    Failure   Level
 Slow                     Hex            4%         N/A       41%         1
 Blink                    Tloc           2%         N/A       52%         2
 Poisonous Vapours        Pois/Air       2%         N/A       52%         2
 Confusing Touch          Hex            1%         N/A       73%         3
 Lesser Beckoning         Tloc           1%         N/A       73%         3
 Vampiric Draining        Necr           1%         2d6       73%         3
 Manifold Assault         Tloc           1%         N/A       100%        5
 Corpse Rot               Necr/Pois/Air  Unusable   N/A       N/A         4

Dungeon Overview and Level Annotations

Branches:
Dungeon (7/15)             Temple (1/1) D:6

Altars:
Ashenzari
Cheibriados
Dithmenos
Elyvilon
Gozag
Hepliaklqana
Kikubaaqudgha
Makhleb
Nemelex Xobeh
Okawaru
Qazlal
Ru
Uskayaw
Wu Jian
Xom
Yredelemnul
Zin
The Shining One

Shops:
D:5 *


Innate Abilities, Weirdness & Mutations

You are a venomous arachnid creature.
You have poisonous fangs.
You are tiny and dextrous.
Your spellcasting is less reliable in this form.
Your armour is entirely melded.
You are incapable of wielding weapons or throwing items.
((You can breathe bolts of dispelling energy.))
((Your rich purple scales are hard. (AC +6)))
You cannot fit into any form of body armour.
((You are cold-blooded and may be slowed by cold attacks.))


Message History

Unknown command.
You barely miss the orc. The orc hits you with a +0 trident.
The white imp shouts, "Quit, thou paunchy dismal-dreaming crab-lanthorn!"
You bite the orc!
You kill the orc!
Unknown command.
You hit the orc warrior.
The orc warrior is poisoned.
The orc warrior is lightly wounded.
The orc warrior hits you with a +0 long sword!
Unknown command.
You hit the orc warrior but do no damage.
The orc warrior looks as sick as possible!
The orc warrior is lightly wounded.
The orc warrior hits you with a +0 long sword!
Unknown command.
You hit the orc warrior but do no damage.
The orc warrior looks as sick as possible!
The orc warrior is lightly wounded.
The orc hits you with a +0 falchion.
* * * LOW HITPOINT WARNING * * *
The orc warrior misses you.
Unknown command.
You barely miss the orc warrior.
The orc warrior is moderately wounded.
The orc warrior hits you with a +0 long sword!
* * * LOW HITPOINT WARNING * * *
Unknown command.
The orc attacks as you move away! The orc hits you with a +0 mace.
* * * LOW HITPOINT WARNING * * *
The orc warrior attacks as you move away!
The orc warrior barely misses you. The orc hits you with a +0 falchion!
* * * LOW HITPOINT WARNING * * *
There is a stone staircase leading up, spattered with blood here.
Unknown command.
The orc hits you with a +0 falchion.
* * * LOW HITPOINT WARNING * * *
The orc misses you.
The orc warrior hits you with a +0 long sword!
You die...
Your body crumbles into a pile of gold.

##########
#..#8...8#
##........#
#..8...>..#
#.........#
########8...!...8#
.........o.....###
.......5os...8#
...#...$o...### .
##..8...8#
........######
........#
###.....# ##....#
#....# ##....


You could see an orc warrior (extremely poisoned), a white imp and 2 orcs.

Vanquished Creatures
  2 water moccasins (D:5)
  3 sky beasts
  2 ogres
  2 phantoms (D:6)
  A necrophage (D:6)
  A gnoll sergeant (D:6)
  5 scorpions
  A howler monkey (D:7)
  2 hounds
  An orc priest (D:6)
  Terence (D:3)
  An iguana (D:5)
  An orc wizard (D:5)
  10 gnolls
  11 adders
  2 white imps
  3 dart slugs
  15 orcs
  8 ball pythons
  5 bats
  12 endoplasms
  2 giant cockroaches
  10 goblins
  12 hobgoblins
  8 jackals
  7 quokkas
  7 frilled lizards
  3 kobolds
  7 rats
145 creatures vanquished.

Vanquished Creatures (others)
  3 fungi (D:4)
3 creatures vanquished.

Grand Total: 148 creatures vanquished

Notes
Turn   | Place    | Note
-------+----------+-------------------------------------------
     0 | D:1      | cdecastro the Draconian Transmuter began the quest for the
                  | Orb.
     0 | D:1      | Reached XP level 1. HP: 16/16 MP: 3/3
   240 | D:1      | Reached XP level 2. HP: 18/23 MP: 3/5
   450 | D:1      | Found a faded altar of an unknown god.
   473 | D:1      | Prayed at the altar of an unknown god.
   473 | D:1      | Became a worshipper of Gozag Ym Sagoz the Greedy
   557 | D:1      | Reached skill level 4 in Unarmed Combat
   706 | D:1      | Reached XP level 3. HP: 28/28 MP: 4/6
  1739 | D:2      | Reached XP level 4. HP: 35/35 MP: 7/7
  2080 | D:2      | Reached skill level 5 in Unarmed Combat
  2222 | D:2      | Found a white marble altar of Elyvilon.
  3287 | D:3      | Reached XP level 5. HP: 40/40 MP: 6/8
  3378 | D:3      | Noticed Terence
  3507 | D:3      | Killed Terence
  3508 | D:3      | Reached skill level 6 in Unarmed Combat
  4508 | D:4      | Found a white marble altar of Elyvilon.
  4528 | D:4      | Reached XP level 6. HP: 47/47 MP: 7/9
  4653 | D:4      | Found a hazy altar of Hepliaklqana.
  4720 | D:4      | Found a sparkling altar of Nemelex Xobeh.
  4917 | D:4      | Reached skill level 7 in Unarmed Combat
  5331 | D:4      | Reached skill level 8 in Unarmed Combat
  5331 | D:4      | Your scales start taking on a rich purple colour.
  5331 | D:4      | Reached XP level 7. HP: 48/52 MP: 10/10
  5548 | D:5      | Entered Level 5 of the Dungeon
  5910 | D:5      | Found an ornate altar of the Wu Jian Council.
  6000 | D:5      | Found a shimmering altar of Xom.
  6666 | D:5      | Found Uvyif's Serpentskin Sales.
  6681 | D:5      | Reached skill level 9 in Unarmed Combat
  7088 | D:5      | Bought a scroll of poison for 52 gold pieces
  7518 | D:6      | Reached XP level 8. HP: 51/59 MP: 9/11
  7526 | D:6      | Reached skill level 10 in Unarmed Combat
  7972 | D:6      | Found a staircase to the Ecumenical Temple.
  8327 | D:6      | Reached skill level 5 in Transmutations
  8327 | D:6      | Reached skill level 1 in Evocations
  8995 | D:6      | Learned a level 2 spell: Wereblood
  8999 | D:6      | Learned a level 3 spell: Spider Form
  9004 | D:6      | Learned a level 4 spell: Ice Form
  9365 | Temple   | Entered the Ecumenical Temple
  9437 | D:7      | Found Rubil's Magic Scroll Shoppe.
  9720 | D:7      | Bought a scroll of noise for 13 gold pieces
  9720 | D:7      | Bought a scroll of teleportation for 39 gold pieces
  9720 | D:7      | Bought a scroll of silence for 123 gold pieces
  9720 | D:7      | Bought a scroll of identify for 26 gold pieces
  9720 | D:7      | Bought a scroll of enchant weapon for 97 gold pieces
  9720 | D:7      | Bought a scroll of enchant armour for 97 gold pieces
  9720 | D:7      | Bought a scroll of vulnerability for 52 gold pieces
  9720 | D:7      | Bought a scroll of acquirement for 676 gold pieces
  9755 | D:7      | Mangled by an orc warrior

Illustrated notes

Levels and vault maps discovered:
D:1:      erik_arrival_blinker_ship, layout_basic,
          shapermc_ecumenical_altar_notcrosses
D:2:      layout_basic, serial_co_window_serial, co_window_of_opportunity_a,
          co_window_paths_a, co_window_corner_a, co_window_corner_a,
          co_window_paths_a, co_window_of_opportunity_b, co_window_corner_b,
          co_window_broadway_b, co_window_2corner, co_window_unsneaky_path_c,
          co_window_of_opportunity_b, co_window_paths_d, co_window_paths_e,
          glass_columns_b, basic_altar
D:3:      kennysheep_six_static_rooms, layout_rooms, minivault_24,
          minmay_joined_circles, uniq_terence
D:4:      old_forge, layout_layer_cave, nemelex_xobeh_ov_fountains_minmay,
          elyvilon_altar_5, nicolae_overflow_hidden_temple
D:5:      layout_layer_cave, brannock_xom_greatest_gift, amcnicky_altar_gilded,
          roderic_lattice_a, guppyfry_shop_venom
D:6:      layout_layer_cave, minmay_temple_entry_drinking_statues
D:7:      layout_layer_cave, mainiacjoe_overflow_alcove_2, serial_shops,
          nicolae_stop_n_shop_1, shop
Temple:   nicolae_temple_x_marks_the_god

Skill      XL: |  1  2  3  4  5  6  7  8 |
---------------+-------------------------+-----
Unarmed Combat | 4 5 6 8 9 10 | 10.0
Transmutations | 5 |  5.0
Evocations     | 4 |  4.5
Fighting       | |  1.1
Dodging        | |  1.7
Spellcasting   | |  2.4

Action                   |  1- 3 |  4- 6 |  7- 9 || total
-------------------------+-------+-------+-------++-------
Melee: Unarmed           |   113 |   179 |   147 ||   439
       Kick              |    17 |    34 |    23 ||    74
       Headbutt          |     9 |    15 |    22 ||    46
       Tailslap          |     8 |    19 |    11 ||    38
       Punch             |     5 |     2 |     3 ||    10
 Cast: Beastly Appendage |    19 |    20 |    16 ||    55
       Spider Form       |       |       |     1 ||     1
 Abil: Breathe Dispellin |       |       |     4 ||     4
  Use: Potion            |       |       |     1 ||     1
       Scroll            |       |       |     8 ||     8
 Stab: Sleeping          |       |     3 |       ||     3
       Distracted        |       |     1 |       ||     1
Armor: Skin              |    33 |    38 |    49 ||   120
Dodge: Dodged            |    60 |   114 |    75 ||   249
